 Dungeon Crawl Stone Soup version 0.22.0-40-g68aacdc (webtiles) character file.

639 jerryfan the Ruffian (level 7, 0/54 HPs)
             Began as a Demonspawn Fighter on Sept 2, 2018.
             Was a Follower of Wu Jian.
             Slain by a killer bee (5 damage)
             ... on level 6 of the Dungeon.
             The game lasted 00:19:37 (4406 turns).

jerryfan the Ruffian (Demonspawn Fighter)           Turns: 4406, Time: 00:19:37

Health: 0/54       AC:  8    Str: 18    XL:     7   Next: 26%
Magic:  7/7        EV:  8    Int: 10    God:    Wu Jian [*.....]
Gold:   170        SH:  9    Dex: 12    Spells: 6/6 levels left

rFire    . . .     SeeInvis .     - Unarmed
rCold    + . .     Gourm    .   c - +0 shield
rNeg     . . .     Faith    .   b - +0 scale mail
rPois    .         Spirit   .   (no helmet)
rElec    .         Reflect  .   (no cloak)
rCorr    +         Harm     .   (no gloves)
MR       .....                  (no boots)
Stlth    ..........             (no amulet)
HPRegen  0.18/turn              o - ring of resist corrosion
MPRegen  0.10/turn              (no ring)

@: lethally poisoned (0 -> -1)
A: claws 2, thin metallic scales 1, cold resistance 1, powered by pain 1
a: Renounce Religion


You were on level 6 of the Dungeon.
You worshipped Wu Jian.
Wu Jian was aware of your devotion.
You were not hungry.

You visited 1 branch of the dungeon, and saw 6 of its levels.

You collected 170 gold pieces.

Inventory:

Hand Weapons
 a - a +0 war axe
Missiles
 p - 5 curare-tipped needles
Armour
 b - a +0 scale mail (worn)
 c - a +0 shield (worn)
Jewellery
 o - a ring of resist corrosion (left claw)
Wands
 k - a wand of disintegration (18)
Scrolls
 e - a scroll of identify
 h - 4 scrolls of remove curse
 i - 3 scrolls of magic mapping {unknown}
 j - 3 scrolls of enchant armour {unknown}
Potions
 d - 2 potions of might
 g - a potion of ambrosia {unknown}
 l - 3 potions of haste {unknown}
 m - a potion of lignification {unknown}
 n - a potion of mutation {unknown}
 q - a potion of flight {unknown}
 s - a potion of resistance {unknown}
Comestibles
 f - 6 rations


   Skills:
 + Level 4.0 Fighting
 - Level 2.1 Axes
 + Level 2.1 Throwing
 + Level 3.5 Armour
 + Level 2.1 Dodging
 + Level 3.4 Shields
 * Level 4.4 Unarmed Combat
 + Level 0.5 Evocations


You had 6 spell levels left.
You didn't know any spells.
Your spell library was empty.

Dungeon Overview and Level Annotations

Branches:
Dungeon (6/15)             Temple (0/1) D:4

Altars:
Ashenzari
Fedhas
Qazlal
Vehumet
Wu Jian

Annotations:
D:5 exclusion: downstairs


Innate Abilities, Weirdness & Mutations

You have very sharp fingernails.
You are partially covered in thin metallic scales. (AC +2)
Your flesh is cold resistant. (rC+)
You sometimes gain a little power by taking damage.


Message History

The killer bee is severely wounded.
You feel sick. The killer bee closely misses you.
The killer bee barely misses you.
You closely miss the killer bee.
The killer bee is severely wounded.
The killer bee stings you but does no damage.
The killer bee barely misses you.
You closely miss the killer bee.
The killer bee is severely wounded.
The killer bee barely misses you.
The killer bee stings you but does no damage.
Your shield and scale mail prevent you from hitting the killer bee.
The killer bee is severely wounded.
The killer bee stings you.
* * * LOW HITPOINT WARNING * * *
You block the killer bee's attack.
Your shield and scale mail prevent you from hitting the killer bee.
The killer bee is severely wounded.
You feel sick. The killer bee stings you.
You die...

..# +########.. .........y
........y ........ .......
.#....# #+####
.P....#######....###########+#
..###..†........@.<....(......
#..†>......y..............
#.........................
#...#..##..##.###..#####
#..######..##.###### #..#
#........# #).# #........#
#..# #........# #..#
#........#


You could see a killer bee.

Vanquished Creatures
  A scorpion (D:4)
  2 killer bees (D:6)
  2 howler monkeys
  2 crimson imps (D:5)
  A centaur skeleton (D:4)
  3 hounds (D:4)
  2 orc wizards (D:4)
  A worker ant (D:4)
  8 adders
  3 oozes
  A worm (D:5)
  A dart slug (D:4)
  A leopard gecko (D:3)
  13 orcs
  4 bats
  3 giant cockroaches
  8 goblins
  7 jackals
  4 kobolds
  2 quokkas
  3 frilled lizards
  A jackal zombie (D:5)
  A quokka zombie (D:5)
  4 rats
78 creatures vanquished.

Vanquished Creatures (others)
  A hobgoblin (D:1)
1 creature vanquished.

Grand Total: 79 creatures vanquished

Notes
Turn   | Place    | Note
-------+----------+-------------------------------------------
     0 | D:1      | jerryfan the Demonspawn Fighter began the quest for the Orb.
     0 | D:1      | Reached XP level 1. HP: 18/18 MP: 1/1
     2 | D:1      | Noticed a vine stalker
     2 | D:1      | Noticed a merfolk
     4 | D:1      | Noticed an octopode
     4 | D:1      | Noticed an elf
     6 | D:1      | Noticed an ogre
     6 | D:1      | Noticed a minotaur
     8 | D:1      | Noticed a draconian
     8 | D:1      | Noticed a human
    20 | D:1      | Noticed a vampire
    20 | D:1      | Noticed a dwarf
    22 | D:1      | Noticed a tengu
    24 | D:1      | Noticed a gargoyle
    26 | D:1      | Noticed a formicid
    26 | D:1      | Noticed a demonspawn
    32 | D:1      | Noticed a demigod
    32 | D:1      | Noticed a ghoul
    34 | D:1      | Noticed a troll
    36 | D:1      | Noticed a felid
    36 | D:1      | Noticed a centaur
    38 | D:1      | Noticed a spriggan
    40 | D:1      | Noticed a halfling
    40 | D:1      | Noticed a naga
   191 | D:1      | You fall through a shaft!
   267 | D:2      | Gained mutation: You are partially covered in thin metallic scales. (AC +2) [demonic ancestry]
   267 | D:2      | Reached XP level 2. HP: 17/24 MP: 2/2
  1012 | D:2      | Gained mutation: You have sharp fingernails. [demonic ancestry]
  1012 | D:2      | Reached XP level 3. HP: 29/29 MP: 3/3
  1042 | D:2      | Found a faded altar of an unknown god.
  1115 | D:2      | Found a blossoming altar of Fedhas.
  1389 | D:3      | Found an ornate altar of the Wu Jian Council.
  1393 | D:3      | Reached skill level 1 in Throwing
  1405 | D:3      | Became a worshipper of the Wu Jian Council
  1429 | D:3      | Reached skill level 1 in Dodging
  1720 | D:3      | Gained mutation: You have very sharp fingernails. [demonic ancestry]
  1720 | D:3      | Reached XP level 4. HP: 33/35 MP: 4/4
  1790 | D:3      | Reached skill level 1 in Unarmed Combat
  1863 | D:3      | Found a radiant altar of Vehumet.
  1874 | D:3      | Found a shattered altar of Ashenzari.
  2290 | D:4      | Reached XP level 5. HP: 23/41 MP: 5/5
  2513 | D:4      | Reached * piety under Wu Jian
  2555 | D:4      | Gained mutation: You sometimes gain a little power by taking damage. [demonic ancestry]
  2555 | D:4      | Reached XP level 6. HP: 45/47 MP: 6/6
  3051 | D:4      | Found a staircase to the Ecumenical Temple.
  3428 | D:5      | Entered Level 5 of the Dungeon
  3633 | D:5      | Found a stormy altar of Qazlal.
  4021 | D:5      | Gained mutation: Your flesh is cold resistant. (rC+) [demonic ancestry]
  4021 | D:5      | Reached XP level 7. HP: 53/53 MP: 7/7
  4406 | D:6      | Slain by a killer bee

Skill      XL: |  1  2  3  4  5  6  7 |
---------------+----------------------+-----
Axes           | 2 |  2.1
Throwing       | 1 2 |  2.1
Armour         | 3 |  3.5
Dodging        | 1 2 |  2.1
Unarmed Combat | 3 4 |  4.4
Shields        | 3 |  3.4
Fighting       | 4 |  4.0
Evocations     | |  0.5

Action                   |  1- 3 |  4- 6 |  7- 9 || total
-------------------------+-------+-------+-------++-------
Melee: War axe           |    49 |       |       ||    49
       Unarmed           |    65 |   192 |    42 ||   299
Invok: Lunge             |     2 |     9 |       ||    11
       Whirlwind         |       |    13 |    14 ||    27
  Use: Potion            |     2 |       |     1 ||     3
       Scroll            |     3 |     2 |       ||     5
  Eat: Chunk             |     3 |     6 |       ||     9
       Ration            |       |       |     1 ||     1
Armor: Scale mail        |    46 |    59 |    23 ||   128
Dodge: Dodged            |    35 |    39 |    23 ||    97
Block: Shield            |    57 |    84 |    24 ||   165
